 Dungeon Crawl Stone Soup version 0.31-a0-544-gceb718ecc6 (webtiles) character file.

Game seed: 7025696681109310585

51 MoroccanLambKofta the Conjurer (level 3, -1/25 HPs)
             Began as a Demonspawn Conjurer on Aug 14, 2023.
             Slain by a quokka (3 damage)
             ... on level 2 of the Dungeon on Aug 15, 2023.
             The game lasted 00:43:20 (871 turns).

MoroccanLambKofta the Conjurer (Demonspawn Conjurer) Turns: 871, Time: 00:43:21

Health: -1/25      AC:  3    Str:  7    XL:     3   Next: 57%
Magic:  15/15      EV: 12    Int: 19    God:
Gold:   28         SH:  0    Dex: 13    Spells: 5/6 levels left

rFire   . . .        f - +0 short sword
rCold   . . .        (no shield)
rNeg    . . .        (no body armour)
rPois   .            (no helmet)
rElec   .            (no cloak)
rCorr   .            (no gloves)
SInv    .            l - +0 pair of boots
Will    .....        (no amulet)
Stlth   ++           i - ring of magical power
HPRegen 0.24/turn    (no ring)
MPRegen 0.14/turn

%: no passive effects
@: very slightly contaminated
A: hooves 1, thin metallic scales 1
a: no special abilities


You were on level 2 of the Dungeon.
You visited 1 branch of the dungeon, and saw 2 of its levels.

You collected 28 gold pieces.

Inventory:

Hand Weapons
 d - a +0 club
 f - a +0 short sword (weapon)
 g - a +0 whip
 k - a +0 hand axe
 o - a +0 dagger
Missiles
 j - 11 stones
Armour
 a - a +0 robe
 e - a +0 robe
 h - a +0 leather armour
 l - a +0 pair of boots (worn)
 p - a +0 chain mail
Jewellery
 i - a ring of magical power (left hand)
Potions
 c - a potion of lignification
 n - a potion of might


   Skills:
 * Level 0.6 Fighting
 + Level 1.0 Short Blades
 + Level 0.1 Polearms
 + Level 0.4 Armour
 - Level 1.7 Dodging
 - Level 1.8 Stealth
 * Level 2.2 Spellcasting
 - Level 4.4 Conjurations
 - Level 0.7 Ice Magic
 - Level 0.5 Poison Magic


You had 5 spell levels left.
You knew the following spells:

 Your Spells              Type           Power      Damage    Failure   Level
a - Magic Dart            Conj           72%        1d6       2%          1

Your spell library contained the following spells:

 Spells                   Type           Power      Damage    Failure   Level
 Searing Ray              Conj           36%        2d5       4%          2
 Dazzling Flash           Conj/Hex       20%        N/A       21%         3
 Fulminant Prism          Conj/Hex       5%         3d6       54%         4
 Iskenderun's Mystic Bla  Conj/Tloc      10%        2d4       54%         4
 Cause Fear               Hex            1%         N/A       86%         4
 Fireball                 Conj/Fire      5%         3d5       88%         5
 Dragon's Call            Summ           1%         N/A       100%        9


Dungeon Overview and Level Annotations

Branches:
Dungeon (2/15)

Altars:


Innate Abilities, Weirdness & Mutations

You have large cloven feet.
You are partially covered in thin metallic scales. (AC +2)


Message History

The magic dart hits the orc.
The orc is almost dead.
The orc barely misses you. The kobold hits you but does no damage.
The quokka twitches its whiskers.
The magic dart hits the orc.
You kill the orc!
The kobold barely misses you. The hobgoblin misses you.
The magic dart hits the kobold but does no damage.
The kobold hits you but does no damage. The hobgoblin closely misses you.
The magic dart hits the kobold but does no damage.
The kobold hits you with a +0 dagger.
The hobgoblin hits you with a +0 hand axe.
You are too injured to fight recklessly!
You are too injured to fight recklessly!
You are too injured to fight recklessly!
You are too injured to fight recklessly!
You are too injured to fight recklessly!
You feel better. The kobold hits you but does no damage.
The hobgoblin closely misses you. Magic courses through your body.
The kobold hits you with a +0 dagger.
The hobgoblin hits you with a +0 hand axe.
The kobold hits you but does no damage. The hobgoblin closely misses you.
You start putting on your armour.
You continue putting on your +0 leather armour.
The kobold closely misses you. The worm bites you.
You continue putting on your +0 leather armour.
The kobold closely misses you.
The hobgoblin hits you with a +0 hand axe.
The quokka bites you.
* * * LOW HITPOINT WARNING * * *
You continue putting on your +0 leather armour.
The quokka misses you. The kobold misses you. The hobgoblin closely misses you.
The worm completely misses you.
You continue putting on your +0 leather armour.
The quokka closely misses you. The kobold hits you with a +0 dagger.
* * * LOW HITPOINT WARNING * * *
The hobgoblin hits you with a +0 hand axe.
* * * LOW HITPOINT WARNING * * *
The worm barely misses you. The quokka bites you.
You die...

#..# ...' #..# ..
#..#
..#########..# #
..#....†'...#
####.#.#.....#.#.#
.....#.#######...#
#..Kw#†..#...##
#gr@##.##.###
###g.#†#..#
##.....## #######


You could see a worm, a quokka, 2 hobgoblins and a kobold.

Vanquished Creatures
  2 adders (D:2)
  2 dart slugs
  An orc (D:2)
  A ball python (D:2)
  2 endoplasms (D:1)
  A giant cockroach (D:2)
  3 goblins
  2 hobgoblins (D:2)
  4 jackals (D:2)
  A quokka (D:1)
  3 frilled lizards
  2 kobolds (D:1)
  3 rats (D:1)
27 creatures vanquished.

Notes
Turn   | Place    | Note
-------+----------+-------------------------------------------
     0 | D:1      | MoroccanLambKofta the Demonspawn Conjurer began the quest
                  | for the Orb.
     0 | D:1      | Reached XP level 1. HP: 13/13 MP: 3/3
   350 | D:1      | Reached skill level 1 in Short Blades
   350 | D:1      | Gained mutation: You are partially covered in thin metallic
                  | scales. (AC +2) [demonic ancestry]
   350 | D:1      | Reached XP level 2. HP: 19/19 MP: 0/5
   605 | D:2      | Upgraded the game from 0.31-a0-542-gdc2a67831c to
                  | 0.31-a0-544-gceb718ecc6
   688 | D:2      | Gained mutation: You have large cloven feet. [demonic
                  | ancestry]
   688 | D:2      | Reached XP level 3. HP: 22/24 MP: 6/6
   871 | D:2      | Slain by a quokka

Illustrated notes

Levels and vault maps discovered:
D:1:      tarquinn_simple_flora_water_b, layout_loops_cross
D:2:      layout_loops_ring, minmay_divided_ellipse

Skill      XL: |  1 |
---------------+----+-----
Short Blades   | 1 |  1.0
Fighting       | |  0.6
Polearms       | |  0.1
Armour         | |  0.4
Dodging        | |  1.7
Stealth        | |  1.8
Spellcasting   | |  2.2
Conjurations   | |  4.4
Ice Magic      | |  0.7
Poison Magic   | |  0.5

Action                     || total
---------------------------++-------
  Melee: Short sword       ||     9
  Throw: Stone             ||     3
   Cast: Magic Dart        ||    59
    Use: Scroll            ||     5
         Potion            ||     3
 Armour: Robe              ||     3
         Chain mail        ||     5
         Skin              ||     4
         Leather armour    ||     1
  Dodge: Dodged            ||    27

Table legend: (Time is in decaauts)
 A = Elapsed time spent in this place.
 B = Non-inter-level travel time spent in this place.
 C = Inter-level travel time spent in this place.
 D = Time resting spent in this place.
 E = Time spent auto-exploring this place.
 F = Levels seen in this place.
 G = Mean time per level.
                   A        B        C        D        E       F      G
               +--------+--------+--------+--------+--------+-----+--------+
         Total |    868 |    450 |    418 |      0 |    161 |   2 |  434.0 |
       Dungeon |    868 |    450 |    418 |      0 |    161 |   2 |  434.0 |
               +--------+--------+--------+--------+--------+-----+--------+

Top non-repeatable levels by time:
     D:1: 537 daAuts
     D:2: 331 daAuts
